[Event "Titled Tuesday Blitz January 31 Early 2023"]
[White "Praggnanandhaa R"]
[Black "Kvaloy, Aksel Bu"]
[WhiteFideId "25059530"]
[BlackFideId "1528815"]
[WhiteElo "2688"]
[BlackElo "2321"]
[Result "1-0"]
[Round "04"]
[TimeControl "180+2"]
[Date "2023.01.31"]
[WhiteClock "0:01:03"]
[BlackClock "0:00:29"]

1. e4 e5 2. Nf3 Nf6 3. Nxe5 Nc6 4. Nxc6 dxc6 5. d3 Bc5 6. Be2 h5 7. c3 Ng4 8. d4 Qh4 9. g3 Qf6 10. f3 h4 11. fxg4 hxg3 12. Be3 Rxh2 13. Rg1 Qh4 14. dxc5 Be6 15. Qd3 Rd8 16. Bd4 Rh1 17. Qe3 Rxd4 18. cxd4 Qh2 19. Rxh1 Qxh1+ 20. Kd2 g2 21. Bf3 g1=Q 22. Bxh1 Qxh1 23. b3 Bxg4 24. Kc3 b5 25. Kb2 b4 26. Nd2 Qh2 27. Rg1 Be6 28. Rxg7 a5 29. a3 Qh1 30. axb4 axb4 31. Qg5 f6 32. Qxf6 1-0


[Site "https://www.chess.com"]

[Event "Titled Tuesday Blitz January 31 Early 2023"]
[White "Arenas, David"]
[Black "Howell, David W L"]
[WhiteFideId "4403177"]
[BlackFideId "410608"]
[WhiteElo "2426"]
[BlackElo "2677"]
[Result "0-1"]
[Round "04"]
[TimeControl "180+2"]
[Date "2023.01.31"]
[WhiteClock "0:00:09"]
[BlackClock "0:00:11"]

1. e4 c6 2. d4 d5 3. e5 c5 4. Nf3 Nc6 5. dxc5 Bg4 6. c4 e6 7. cxd5 exd5 8. Bb5 Bxc5 9. Qa4 Bd7 10. O-O Nge7 11. Bg5 O-O 12. Nc3 a6 13. Bxc6 Bxc6 14. Qh4 h6 15. Bxe7 Bxe7 16. Qf4 Qb6 17. b3 Rac8 18. Rad1 d4 19. Ne4 Rfd8 20. Nxd4 Bd7 21. Nd6 Bxd6 22. exd6 Rc5 23. Nf3 Rf5 24. Qe3 Qxe3 25. fxe3 Bb5 26. Rfe1 Rf6 27. Nd4 Rfxd6 28. Kf2 R8d7 29. Rc1 Bd3 30. Rc3 Rf6+ 31. Kg1 Be4 32. Rec1 g6 33. Rf1 Rxf1+ 34. Kxf1 Kg7 35. g3 Re7 36. Ke2 Bd5 37. Rc5 Be4 38. Rc8 Kf6 39. Rc5 h5 40. Rc3 Ke5 41. Rc5+ Kd6 42. Rc3 Rc7 43. Rxc7 Kxc7 44. Kd2 Kd6 45. h4 Bd5 46. Ne2 Ke5 47. Kd3 Be4+ 48. Kc4 Kf5 49. Nc3 Bf3 50. Kd4 Kg4 51. e4 Kxg3 52. Nd5 Kxh4 53. Nb6 Kg3 0-1


[Site "https://www.chess.com"]

[Event "Titled Tuesday Blitz January 31 Early 2023"]
[White "Bruzon Batista, Lazaro"]
[Black "Arabidze, Meri"]
[WhiteFideId "3503739"]
[BlackFideId "13604040"]
[WhiteElo "2611"]
[BlackElo "2441"]
[Result "1/2-1/2"]
[Round "04"]
[TimeControl "180+2"]
[Date "2023.01.31"]
[WhiteClock "0:00:36"]
[BlackClock "0:00:29"]

1. e4 c5 2. Nf3 e6 3. d4 cxd4 4. Nxd4 Nc6 5. Nc3 a6 6. Qd3 Qc7 7. Nxc6 bxc6 8. Qg3 Qxg3 9. hxg3 Nf6 10. Bd3 e5 11. f3 d6 12. g4 Be6 13. g5 Nd7 14. Na4 f6 15. gxf6 Nxf6 16. Be3 Nd7 17. b3 Be7 18. O-O-O O-O 19. Kb1 h6 20. Nb2 d5 21. c3 Bc5 22. Rhe1 Bxe3 23. Rxe3 d4 24. Ree1 c5 25. Bc4 Kf7 26. cxd4 cxd4 27. Rc1 Rfc8 28. Rc2 Bxc4 29. Nxc4 Ke6 30. Rec1 Rc5 31. Nb2 Rac8 32. Nd3 Rxc2 33. Rxc2 Rxc2 34. Kxc2 g5 35. b4 Kd6 36. Kb3 h5 37. Ka4 Kc6 38. Ka5 Kb7 39. b5 axb5 40. Kxb5 g4 41. fxg4 hxg4 42. a4 g3 43. a5 Nf6 44. Nc5+ Ka7 45. a6 d3 46. Nxd3 Nxe4 47. Nxe5 Nd6+ 48. Kc6 Nf5 49. Kb5 Nd6+ 50. Ka5 Nf5 51. Nc6+ Ka8 52. Nb4 Ne3 53. Kb6 Nc4+ 54. Kc5 Ne3 55. Kb6 Nc4+ 56. Kb5 Ne3 57. Kb6 1/2-1/2


[Site "https://www.chess.com"]

[Event "Titled Tuesday Blitz January 31 Early 2023"]
[White "Korchmar, Vasiliy"]
[Black "Timofeev, Artyom"]
[WhiteFideId "24131750"]
[BlackFideId "4140419"]
[WhiteElo "2438"]
[BlackElo "2567"]
[Result "0-1"]
[Round "04"]
[TimeControl "180+2"]
[Date "2023.01.31"]
[WhiteClock "0:00:01"]
[BlackClock "0:00:35"]

1. e4 c5 2. Nf3 Nc6 3. d4 cxd4 4. Nxd4 e5 5. Nb5 a6 6. Nd6+ Bxd6 7. Qxd6 Qe7 8. Qd1 Nf6 9. Nc3 d6 10. Bc4 h6 11. O-O O-O 12. Be3 Be6 13. Bb3 Rac8 14. f3 Na5 15. Nd5 Nxd5 16. exd5 Bf5 17. c3 b5 18. a4 Nc4 19. Bxc4 bxc4 20. a5 Qb7 21. Bb6 Bd3 22. Rf2 Qxd5 23. Qa4 Bf5 24. Qb4 Rfe8 25. Re1 Bd3 26. Kh1 f5 27. Kg1 Kh7 28. Kh1 Re7 29. Kg1 Rce8 30. Rd1 e4 31. fxe4 Rxe4 32. Rff1 Rg4 33. Rf2 f4 34. h3 Rg6 35. Qa4 Re5 36. Qd7 Reg5 37. Rdd2 f3 38. Bd4 Qe4 39. Kh2 Qf4+ 40. Kg1 Qg3 41. Qe7 fxg2 0-1


[Site "https://www.chess.com"]

[Event "Titled Tuesday Blitz January 31 Early 2023"]
[White "Svane, Frederik"]
[Black "Dimitrov, Atanas"]
[WhiteFideId "12923044"]
[BlackFideId "2901315"]
[WhiteElo "2600"]
[BlackElo "2269"]
[Result "1-0"]
[Round "04"]
[TimeControl "180+2"]
[Date "2023.01.31"]
[WhiteClock "0:00:10"]
[BlackClock "0:00:07"]

1. c4 e5 2. g3 Nf6 3. Bg2 Nc6 4. Nc3 g6 5. d3 Bg7 6. Nf3 O-O 7. O-O d5 8. cxd5 Nxd5 9. Bg5 Nxc3 10. bxc3 Qd6 11. Rb1 b6 12. Nd2 Bb7 13. Ne4 Qa3 14. Nf6+ Kh8 15. Nd5 Qd6 16. Qa4 f6 17. Bc1 Na5 18. e4 Rfd8 19. Ba3 c5 20. d4 exd4 21. cxd4 Bxd5 22. exd5 Nb7 23. Rfc1 Rdc8 24. Rc2 f5 25. Rbc1 a6 26. Qb3 Bxd4 27. Qd3 Qf6 28. Re1 Re8 29. Re6 Rxe6 30. dxe6 Ra7 31. Re2 Nd6 32. Bc1 Re7 33. Qb3 b5 34. Qd5 Kg7 35. Qxd6 Be5 36. Qxe5 Qxe5 37. Rxe5 Kf6 38. Rxc5 Rxe6 39. Rc6 Rxc6 40. Bxc6 Ke6 41. Bd2 Kd6 42. Bb7 a5 43. Bxa5 Kc5 44. a3 Kc4 45. Bb4 f4 46. gxf4 Kd4 47. Bc6 Kc4 48. Bd7 Kd5 49. Bxb5 Ke4 50. a4 Kxf4 51. a5 Ke5 52. a6 1-0


[Site "https://www.chess.com"]

[Event "Titled Tuesday Blitz January 31 Early 2023"]
[White "Oparin, Grigoriy"]
[Black "Chylewski, Patryk"]
[WhiteFideId "24125890"]
[BlackFideId "1186191"]
[WhiteElo "2667"]
[BlackElo "2281"]
[Result "1-0"]
[Round "04"]
[TimeControl "180+2"]
[Date "2023.01.31"]
[WhiteClock "0:01:18"]
[BlackClock "0:00:47"]

1. g3 d5 2. Bg2 c6 3. c4 Nf6 4. Nf3 Bg4 5. Ne5 Bh5 6. cxd5 cxd5 7. Qa4+ Nbd7 8. g4 Bg6 9. Nc3 a6 10. Nxd7 Nxd7 11. Bxd5 b5 12. Qf4 Rb8 13. h4 e6 14. Bg2 h6 15. d3 Be7 16. Qg3 Nc5 17. Bf4 Rc8 18. h5 Bh7 19. O-O O-O 20. Rad1 b4 21. Ne4 Nxe4 22. dxe4 Qa5 23. Qb3 Rfd8 24. Rd3 Bf6 25. Rfd1 Rxd3 26. Rxd3 Qb5 27. a3 bxa3 28. bxa3 Qa5 29. Bf3 Kh8 30. Kg2 Bg8 31. Qb4 Qxb4 32. axb4 Rc4 33. Bd6 Bh7 34. Ra3 Bxe4 35. Rxa6 Bc3 36. b5 Bxf3+ 37. Kxf3 Bd4 38. Rc6 Ra4 39. e3 1-0


[Site "https://www.chess.com"]

[Event "Titled Tuesday Blitz January 31 Early 2023"]
[White "Panesso Rivera, Henry"]
[Black "Zhigalko, Sergei"]
[WhiteFideId "4402707"]
[BlackFideId "13502956"]
[WhiteElo "2342"]
[BlackElo "2572"]
[Result "1-0"]
[Round "04"]
[TimeControl "180+2"]
[Date "2023.01.31"]
[WhiteClock "0:00:02"]
[BlackClock "0:00:02"]

1. Nf3 d5 2. d4 e6 3. c4 c6 4. Qc2 dxc4 5. Qxc4 Nf6 6. g3 b5 7. Qb3 Bb7 8. Bg2 Nbd7 9. O-O Be7 10. Rd1 O-O 11. Nc3 a6 12. Bf4 Qb6 13. Ne5 Rfd8 14. Nxd7 Rxd7 15. Na4 Qa7 16. Nc5 Bxc5 17. dxc5 Rxd1+ 18. Rxd1 Qxc5 19. Be3 Qf5 20. h3 h6 21. g4 Qe5 22. Bd4 Qxe2 23. Bxf6 gxf6 24. Rd7 Rb8 25. Qb4 c5 26. Qf4 Qe1+ 27. Kh2 Qe5 28. Qxe5 fxe5 29. Bxb7 a5 30. Rc7 Kg7 31. Bc8 Kf6 32. Rxc5 b4 33. b3 Ra8 34. Bb7 Ra7 35. Bc6 Rc7 36. Rc4 Ke7 37. Kg3 Ra7 38. Kf3 f5 39. Ke3 Kd6 40. Ba4 Kd5 41. f4 exf4+ 42. Kxf4 Rf7 43. Bc6+ Kd6 44. gxf5 Rxf5+ 45. Ke3 Rf1 46. Bf3 Re1+ 47. Kf4 Ra1 48. Rc6+ Ke7 49. Ke5 Kf7 50. Be4 Rxa2 51. Rc7+ Kf8 52. Kxe6 a4 53. bxa4 Rxa4 54. Bd5 Ra6+ 55. Ke5 Rb6 56. Be6 b3 57. Kf6 Rb8 58. Rh7 Ke8 59. Rh8# 1-0


[Site "https://www.chess.com"]

[Event "Titled Tuesday Blitz January 31 Early 2023"]
[White "Yeletsky, Ivan"]
[Black "Yelisieiev, Yevhenii"]
[WhiteFideId "24180327"]
[BlackFideId "14139642"]
[WhiteElo "2494"]
[BlackElo "2418"]
[Result "1-0"]
[Round "04"]
[TimeControl "180+2"]
[Date "2023.01.31"]
[WhiteClock "0:01:37"]
[BlackClock "0:00:14"]

1. d4 d6 2. e4 Nf6 3. Nc3 e5 4. Nge2 c6 5. a4 a5 6. h3 Be7 7. g4 Na6 8. Bg2 Nb4 9. O-O Be6 10. f4 Bc4 11. b3 Ba6 12. Rf2 O-O 13. Be3 Nd7 14. Ng3 Bh4 15. Kh2 exd4 16. Bxd4 Nc5 17. Qf3 Ne6 18. Be3 d5 19. exd5 cxd5 20. Nxd5 Rc8 21. c4 Nd3 22. Rd2 Nec5 23. Nf5 Bf6 24. Rad1 g6 25. Nxf6+ Kh8 26. Bd4 gxf5 27. Nd5+ f6 28. Rxd3 Nxd3 29. Rxd3 fxg4 30. hxg4 Qd6 31. g5 Qe6 32. Nxf6 Rxf6 33. Bxf6+ Kg8 34. Qd5 Qxd5 35. Bxd5+ Kf8 36. Re3 Re8 37. Rxe8+ Kxe8 38. Kg3 b6 39. f5 Bc8 40. Kf4 Bd7 41. Ke5 Bxa4 42. bxa4 1-0


[Site "https://www.chess.com"]

[Event "Titled Tuesday Blitz January 31 Early 2023"]
[White "Ivic, Velimir"]
[Black "Reprintsev, Alexander"]
[WhiteFideId "950122"]
[BlackFideId "14100541"]
[WhiteElo "2595"]
[BlackElo "2253"]
[Result "1-0"]
[Round "04"]
[TimeControl "180+2"]
[Date "2023.01.31"]
[WhiteClock "0:00:30"]
[BlackClock "0:01:18"]

1. d4 d5 2. c4 e5 3. dxe5 d4 4. Nf3 Nc6 5. Nbd2 a5 6. g3 a4 7. Bg2 Bg4 8. O-O Qd7 9. Ne4 Bh3 10. Bxh3 Qxh3 11. Nxd4 Rd8 12. Be3 a3 13. Qa4 Ne7 14. Nb5 Rc8 15. Rad1 Nf5 16. Nxc7+ Rxc7 17. Qa8+ Ke7 18. Bc5+ Ke6 19. Ng5+ Kxe5 20. Nxh3 Bxc5 21. Qxh8 axb2 22. Rd5+ Kf6 23. Rxc5 Ncd4 24. Rxc7 Nxe2+ 25. Kg2 Nc1 26. Qf8 b1=Q 27. Qxf7+ Ke5 28. Qd5+ 1-0


[Site "https://www.chess.com"]

[Event "Titled Tuesday Blitz January 31 Early 2023"]
[White "Kazakouski, Valery"]
[Black "Odegov, Artem"]
[WhiteFideId "13507443"]
[BlackFideId "34183644"]
[WhiteElo "2539"]
[BlackElo "2261"]
[Result "1-0"]
[Round "04"]
[TimeControl "180+2"]
[Date "2023.01.31"]
[WhiteClock "0:00:51"]
[BlackClock "0:00:24"]

1. Nf3 d5 2. c4 e6 3. b3 c5 4. e3 Nf6 5. Bb2 Nc6 6. cxd5 exd5 7. Bb5 Be7 8. O-O O-O 9. d4 Bg4 10. h3 Bh5 11. Nbd2 cxd4 12. Bxc6 bxc6 13. Bxd4 c5 14. Bb2 Re8 15. Rc1 Rc8 16. Qe2 Ne4 17. Rfd1 Qb6 18. Qd3 Nxd2 19. Rxd2 Rcd8 20. Ne5 Bf6 21. Qf5 Bg6 22. Nxg6 hxg6 23. Qf3 Bxb2 24. Rxb2 d4 25. exd4 cxd4 26. Rd2 Re7 27. Rcd1 Red7 28. Rd3 Qa6 29. R1d2 Qa5 30. Qf4 Qc5 31. Qe4 Re7 32. Qf4 Red7 33. h4 Rd5 34. g3 Rf5 35. Rxd4 Rxf4 36. Rxd8+ Kh7 37. gxf4 Qh5 38. R8d4 Qxh4 39. b4 Qh3 40. a4 Qg4+ 41. Kf1 Qh3+ 42. Ke1 Qh1+ 43. Ke2 Qh5+ 44. Kd3 Qf3+ 45. Kc4 Qc6+ 46. Kb3 Qf3+ 47. Kb2 f6 48. b5 g5 49. fxg5 fxg5 50. R4d3 Qf6+ 51. Kb3 Qf7+ 52. Kb4 Qf4+ 53. Rd4 Qc7 54. a5 Qe7+ 55. Ka4 Qe1 56. b6 a6 57. Rd5 Qa1+ 58. Kb4 Qb1+ 59. Kc5 Qc1+ 60. Kd6 Qa3+ 61. Kc7 Qc3+ 62. Kb7 g4 63. Kxa6 g3 64. fxg3 Qxg3 65. Ka7 g5 66. b7 Qe3+ 67. R2d4 1-0


[Site "https://www.chess.com"]

[Event "Titled Tuesday Blitz January 31 Early 2023"]
[White "Galchenko, Matvey"]
[Black "Subelj, Jan"]
[WhiteFideId "24175480"]
[BlackFideId "14618583"]
[WhiteElo "2438"]
[BlackElo "2513"]
[Result "1/2-1/2"]
[Round "04"]
[TimeControl "180+2"]
[Date "2023.01.31"]
[WhiteClock "0:00:12"]
[BlackClock "0:00:17"]

1. e4 Nc6 2. Nf3 e6 3. d4 d5 4. e5 f6 5. Bd3 fxe5 6. Nxe5 Nxe5 7. dxe5 Ne7 8. Bg5 Qd7 9. O-O Nc6 10. Qe2 Bc5 11. Nd2 Qf7 12. Nb3 Bb6 13. c4 dxc4 14. Bxc4 Qf5 15. Bh4 Nxe5 16. Rad1 O-O 17. Kh1 Nxc4 18. Qxc4 Qf4 19. Qxf4 Rxf4 20. Rd8+ Rf8 21. Rfd1 c6 22. R8d2 e5 23. Bg3 e4 24. Re1 Bf5 25. Bh4 h6 26. h3 g5 27. Bg3 Rad8 28. Red1 Rxd2 29. Rxd2 Be6 30. Re2 Bd5 31. Kh2 a5 32. Nd2 Re8 33. b3 Kf7 34. h4 Bd4 35. Nc4 Bxc4 36. bxc4 e3 37. fxe3 Bxe3 38. Kh3 Re4 39. Rb2 g4+ 40. Kh2 b6 41. Bc7 Rxc4 42. Bxb6 Bf4+ 43. Kg1 g3 44. Kf1 Ke6 45. h5 Rb4 46. Re2+ Kd5 47. Bxa5 Rb1+ 48. Re1 Rb5 49. Bc3 Kc4 50. Bg7 Rxh5 51. Ke2 Kd5 52. Rd1+ Ke4 53. Rd4+ Kf5 54. Kf3 Bc7 55. Rc4 Kg6 56. Rxc6+ Kxg7 57. Rxc7+ Kg6 58. Rc6+ Kg7 59. Kxg3 Ra5 60. Rc2 Ra3+ 61. Kf4 Kg6 62. Ke4 Kg5 63. Kd4 Kg4 64. Kc4 Kg3 65. Kb4 Ra8 66. a4 Rb8+ 67. Ka3 Ra8 68. Rd2 h5 69. Kb3 h4 70. Kb4 Rb8+ 71. Kc4 Ra8 72. Kb5 Rb8+ 73. Kc6 Ra8 74. Ra2 Rc8+ 75. Kb7 Rh8 76. a5 Rh7+ 77. Kb6 Rh6+ 78. Kb5 Rh5+ 79. Kb4 Rh6 80. Kc5 Rh5+ 81. Kb4 Rh6 82. Rd2 Rg6 83. Rc2 Rf6 84. Kb5 Rf5+ 85. Rc5 Rxc5+ 86. Kxc5 Kxg2 87. a6 h3 88. a7 h2 89. a8=Q+ Kg1 90. Qa1+ Kg2 91. Qg7+ Kh1 92. Qf6 Kg2 93. Qg5+ Kh1 94. Qf4 Kg2 95. Qg4+ Kh1 96. Qf3+ Kg1 97. Qg3+ Kh1 98. Qf3+ Kg1 99. Qg3+ Kh1 100. Qe1+ Kg2 101. Qe2+ Kg1 102. Kd4 h1=Q 1/2-1/2


[Site "https://www.chess.com"]

[Event "Titled Tuesday Blitz January 31 Early 2023"]
[White "Kopczynski, Michal"]
[Black "Bartel, Mateusz"]
[WhiteFideId "1124200"]
[BlackFideId "1112635"]
[WhiteElo "2225"]
[BlackElo "2609"]
[Result "0-1"]
[Round "04"]
[TimeControl "180+2"]
[Date "2023.01.31"]
[WhiteClock "0:00:06"]
[BlackClock "0:00:13"]

1. e4 e6 2. d4 d5 3. Nc3 Bb4 4. e5 c5 5. dxc5 Ne7 6. f4 Nbc6 7. Nf3 Bxc5 8. Bd3 a6 9. Qe2 b5 10. Bd2 Qb6 11. O-O-O Bd7 12. f5 exf5 13. Bg5 h6 14. Bxe7 Nxe7 15. e6 Bxe6 16. Ne5 O-O 17. g4 f4 18. g5 Bd4 19. gxh6 Bxe5 20. Qxe5 Qe3+ 21. Qxe3 fxe3 22. hxg7 Kxg7 23. Rhg1+ Kf6 24. Rde1 d4 25. Ne4+ Ke5 26. c3 Bf5 27. Rg5 f6 28. Rh5 Rh8 29. Rxh8 Rxh8 30. Nc5 Bxd3 31. Nxd3+ Ke4 32. Nc5+ Kd5 33. cxd4 Nf5 34. Nxa6 Rxh2 35. Nc7+ Kxd4 36. Nxb5+ Kd3 37. Nc3 Rc2+ 38. Kb1 Rd2 39. a4 Nd6 40. a5 Nc4 41. a6 Rxb2+ 42. Ka1 Rb6 43. Nd5 Rxa6+ 44. Kb1 Ra5 45. Nb4+ Kc3 46. Nd5+ Rxd5 0-1


[Site "https://www.chess.com"]

[Event "Titled Tuesday Blitz January 31 Early 2023"]
[White "Rakhmatullaev, Almas"]
[Black "Aggelis, Nikolaos"]
[WhiteFideId "14205793"]
[BlackFideId "4213220"]
[WhiteElo "2275"]
[BlackElo "2270"]
[Result "0-1"]
[Round "04"]
[TimeControl "180+2"]
[Date "2023.01.31"]
[WhiteClock "0:00:05"]
[BlackClock "0:00:07"]

1. e4 c6 2. Nf3 d5 3. d3 dxe4 4. Ng5 Nf6 5. Nc3 g6 6. Ngxe4 Nxe4 7. Nxe4 Bg7 8. h4 h6 9. Be2 Bf5 10. Ng3 Be6 11. c3 Bd5 12. Be3 h5 13. Qd2 Bxg2 14. Rg1 Bh3 15. Nxh5 Be5 16. Rg5 Bf6 17. Nxf6+ exf6 18. Rg3 Rxh4 19. O-O-O Be6 20. Re1 Nd7 21. a3 Qa5 22. f4 O-O-O 23. Bf2 Rh2 24. Qe3 Rdh8 25. Bf3 Rxf2 26. Qxf2 Nc5 27. Bd1 Qb5 28. c4 Qb6 29. Qe3 Rh2 30. Re2 Rh1 31. b4 Qa6 32. Qxc5 Qxa3+ 33. Kd2 Qb2+ 34. Bc2 Rc1 35. Ke3 Rxc2 36. Rxc2 Qxc2 37. Qd4 Qc1+ 38. Kf2 Qd2+ 39. Kg1 Qxb4 40. Qxf6 Qe1+ 41. Kh2 Qf2+ 42. Rg2 Qf3 43. d4 Qh5+ 44. Kg3 Qd1 45. d5 Qd3+ 46. Kh2 cxd5 47. cxd5 Bxd5 48. Qh8+ Kd7 49. Rf2 Qe4 50. Qh3+ Ke7 51. Qf1 Kf6 52. f5 g5 53. Qh3 g4 54. Qh4+ Ke5 55. Qe7+ Kd4 56. Qxe4+ Bxe4 57. Kg3 b5 58. Kxg4 b4 59. Kg5 b3 60. Kf6 Bd5 61. Rd2+ Kc5 62. Ke5 Bc4 63. f6 a5 64. Rh2 a4 65. Rh8 b2 66. Rc8+ Kb4 67. Kd4 Bb5 68. Rc7 b1=Q 69. Rxf7 Qd3+ 70. Ke5 Qe3+ 71. Kd6 Qd4+ 72. Ke7 Qe5+ 73. Kf8 Bc4 74. Rb7+ Kc5 75. f7 Bxf7 76. Rxf7 Qd6+ 77. Kg7 Qg3+ 78. Kf8 Qb3 79. Rf5+ Kc4 80. Rf4+ Kc3 81. Rf3+ Kb2 82. Rf2+ Ka3 83. Rf6 Ka2 84. Rf2+ Qb2 85. Rf5 a3 86. Ke7 Qc2 87. Re5 Kb2 88. Kf6 a2 89. Rb5+ Qb3 0-1


[Site "https://www.chess.com"]

[Event "Titled Tuesday Blitz January 31 Early 2023"]
[White "Rakhmanov, Aleksandr"]
[Black "Lymar, Vladislav"]
[WhiteFideId "4173708"]
[BlackFideId "14162180"]
[WhiteElo "2632"]
[BlackElo "2119"]
[Result "1/2-1/2"]
[Round "04"]
[TimeControl "180+2"]
[Date "2023.01.31"]
[WhiteClock "0:00:05"]
[BlackClock "0:00:11"]

1. e4 c5 2. Nf3 Nc6 3. c3 d5 4. exd5 Qxd5 5. d4 e6 6. Be3 cxd4 7. Nxd4 Nf6 8. Be2 Be7 9. Bf3 Qd7 10. Nxc6 bxc6 11. Qxd7+ Bxd7 12. Nd2 Nd5 13. Bd4 f6 14. Nb3 a5 15. a4 Kf7 16. Bc5 Rhb8 17. Bxe7 Kxe7 18. Ra3 e5 19. O-O Be6 20. Rb1 Nf4 21. Nc5 Bf5 22. Be4 Bxe4 23. Nxe4 f5 24. Nd2 Rd8 25. Nc4 Kf6 26. g3 Nd3 27. Kf1 e4 28. Rb3 Rab8 29. Rxb8 Rxb8 30. Nxa5 Rxb2 31. Rxb2 Nxb2 32. Nxc6 Nxa4 33. c4 Nb2 34. Na5 Ke5 35. c5 Nd3 36. c6 Kd6 37. Ke2 Ne5 38. Ke3 g5 39. h4 h6 40. hxg5 hxg5 41. Kd4 Ng4 42. Nc4+ Kc7 43. Ne3 Nxf2 44. Nxf5 Kxc6 45. g4 Kd7 46. Ng3 e3 47. Kxe3 Nxg4+ 48. Kf3 Nh6 49. Kg2 Ke6 50. Ne4 g4 51. Nf2 Kf5 52. Nxg4 1/2-1/2


[Site "https://www.chess.com"]

[Event "Titled Tuesday Blitz January 31 Early 2023"]
[White "Sielecki, Christof"]
[Black "Mikaelyan, Arman"]
[WhiteFideId "4620437"]
[BlackFideId "13304852"]
[WhiteElo "2419"]
[BlackElo "2523"]
[Result "0-1"]
[Round "04"]
[TimeControl "180+2"]
[Date "2023.01.31"]
[WhiteClock "0:00:07"]
[BlackClock "0:00:13"]

1. e4 e5 2. Nf3 Nc6 3. Bb5 a6 4. Ba4 Nf6 5. d3 d6 6. c3 Bd7 7. O-O g6 8. Re1 Bg7 9. Nbd2 O-O 10. Nf1 Re8 11. Ng3 b5 12. Bc2 a5 13. h3 a4 14. Rb1 Qb8 15. Be3 Qb7 16. a3 Na5 17. Qd2 c5 18. Bh6 Be6 19. Bxg7 Kxg7 20. Rbd1 Nb3 21. Bxb3 Bxb3 22. Rc1 h6 23. c4 Rab8 24. Nh4 Kh7 25. f4 Qe7 26. Rf1 Ng8 27. Nf3 bxc4 28. dxc4 exf4 29. Qxf4 Qf6 30. Qg4 Qg7 31. Rf2 Nf6 32. Qf4 Re6 33. e5 dxe5 34. Nxe5 Rbe8 35. Ng4 Nxg4 36. hxg4 Re1+ 37. Rxe1 Rxe1+ 38. Kh2 Re7 39. Nf1 Qd4 40. Qf6 Qxf6 41. Rxf6 Bxc4 42. Ng3 Bd3 43. Rc6 c4 44. Kh3 Kg7 45. Kh4 Re3 46. g5 hxg5+ 47. Kg4 Bc2 48. Nf1 Bd1+ 49. Kxg5 Re4 50. Ng3 Rg4# 0-1


[Site "https://www.chess.com"]

[Event "Titled Tuesday Blitz January 31 Early 2023"]
[White "Koelle, Tobias"]
[Black "Ingebretsen, Jens E"]
[WhiteFideId "16207378"]
[BlackFideId "1522965"]
[WhiteElo "2432"]
[BlackElo "2342"]
[Result "1-0"]
[Round "04"]
[TimeControl "180+2"]
[Date "2023.01.31"]
[WhiteClock "0:01:18"]
[BlackClock "0:00:05"]

1. a3 d5 2. Nf3 Nf6 3. e3 c6 4. d4 Bg4 5. h3 Bh5 6. Bd3 Nbd7 7. O-O e5 8. dxe5 Nxe5 9. Be2 Nxf3+ 10. Bxf3 Bxf3 11. Qxf3 Bd6 12. Nd2 O-O 13. e4 dxe4 14. Nxe4 Nxe4 15. Qxe4 Re8 16. Qf3 Qh4 17. Be3 Be5 18. c3 Qf6 19. Qg4 Qe6 20. Rad1 b6 21. Qxe6 Rxe6 22. Rd7 Rd6 23. Rd1 Rxd1+ 24. Rxd1 Bf6 25. Rd7 g6 26. g4 c5 27. a4 Kg7 28. Kg2 h6 29. Kf3 a5 30. Rb7 Bd8 31. Ke4 Rc8 32. Kd5 h5 33. g5 h4 34. Kd6 Kf8 35. Kd7 Ra8 36. Bf4 f6 37. gxf6 Bxf6 38. Rb8+ Rxb8 39. Bxb8 Bg5 40. Bc7 Bc1 41. b3 Bb2 42. c4 Bc3 43. Bxb6 Bb4 44. Kc6 Kf7 45. Bxc5 Be1 46. Be3 Ke6 47. f3 Ke5 48. c5 Bg3 49. Kb7 Bf4 50. c6 1-0


[Site "https://www.chess.com"]

[Event "Titled Tuesday Blitz January 31 Early 2023"]
[White "Aaditya Dhingra"]
[Black "Kukhmazov, Arsen"]
[WhiteFideId "25678191"]
[BlackFideId "24108260"]
[WhiteElo "2027"]
[BlackElo "2512"]
[Result "0-1"]
[Round "04"]
[TimeControl "180+2"]
[Date "2023.01.31"]
[WhiteClock "0:00:05"]
[BlackClock "0:00:05"]

1. b3 d5 2. Bb2 c6 3. e3 Bf5 4. f4 e6 5. Nf3 Nf6 6. Bd3 a5 7. a3 g6 8. h3 Bg7 9. Nc3 h5 10. Ne2 Qe7 11. g3 Nbd7 12. Ned4 Nc5 13. Be2 Nce4 14. Nxf5 exf5 15. Rg1 h4 16. gxh4 Nh5 17. Bxg7 Nxg7 18. d3 Nd6 19. Qd2 O-O-O 20. a4 Rde8 21. Kf2 Ne6 22. Rae1 Qc7 23. Bf1 Qb6 24. Kg2 Re7 25. Kh1 Nf8 26. Rg2 Nd7 27. Rge2 Rh6 28. Qc3 f6 29. Bg2 Kb8 30. Kh2 Rh8 31. Qd4 Qc7 32. c4 dxc4 33. bxc4 b6 34. Nd2 Nc5 35. Rb1 Ka7 36. Nb3 Ndb7 37. Nxc5 Nxc5 38. Reb2 Rd8 39. Rxb6 Rxd4 40. Rxc6 Qxc6 41. Bxc6 Rxe3 42. Rb5 Nxd3 0-1


[Site "https://www.chess.com"]

[Event "Titled Tuesday Blitz January 31 Early 2023"]
[White "Jakubowski, Krzysztof"]
[Black "EREBUNI91"]
[WhiteFideId "1112848"]
[WhiteElo "2486"]
[BlackElo "2542"]
[Result "1-0"]
[Round "04"]
[TimeControl "180+2"]
[Date "2023.01.31"]
[WhiteClock "0:00:11"]
[BlackClock "0:00:03"]

1. e4 c5 2. Nf3 d6 3. d4 cxd4 4. Nxd4 Nf6 5. Nc3 a6 6. Be3 e5 7. Nb3 Be6 8. h3 b5 9. Qf3 Nbd7 10. g4 h6 11. O-O-O Rc8 12. Nd5 Bxd5 13. exd5 Nb6 14. Kb1 Nc4 15. Bd3 Be7 16. h4 Nd7 17. g5 hxg5 18. hxg5 Rxh1 19. Rxh1 Bxg5 20. Bxc4 bxc4 21. Na5 Qf6 22. Rh8+ Nf8 23. Qg4 Rb8 24. Bxg5 Qxf2 25. Nc6 Ra8 26. a3 c3 27. Be7 Qf1+ 28. Ka2 f5 29. Rxf8+ Kd7 30. Qxg7 Qc4+ 31. b3 Qxd5 32. Bf6+ Kxc6 33. Rxa8 Qe4 34. Rc8+ Kd5 35. Qb7+ Kd4 36. Rc4+ 1-0


[Site "https://www.chess.com"]

[Event "Titled Tuesday Blitz January 31 Early 2023"]
[White "Martynov, Pavel"]
[Black "Talibov, Shiroghlan"]
[WhiteFideId "4101260"]
[BlackFideId "13429078"]
[WhiteElo "2414"]
[BlackElo "2359"]
[Result "0-1"]
[Round "04"]
[TimeControl "180+2"]
[Date "2023.01.31"]
[WhiteClock "0:00:02"]
[BlackClock "0:00:05"]

1. e4 d6 2. d4 Nf6 3. Nc3 g6 4. g3 Bg7 5. Bg2 O-O 6. Nge2 Nbd7 7. O-O c5 8. h3 a6 9. Be3 cxd4 10. Nxd4 Qc7 11. f4 e5 12. Nb3 b5 13. a3 Bb7 14. Qd2 Rfd8 15. Rad1 Nc5 16. Nxc5 dxc5 17. Qf2 b4 18. Nd5 Nxd5 19. exd5 exf4 20. Bxf4 Qd7 21. Qxc5 Rac8 22. Qxb4 Rxc2 23. Rd2 Rxd2 24. Qxd2 Bxd5 25. Rd1 Be6 26. Qxd7 Rxd7 27. Rxd7 Bxd7 28. Bc1 Bd4+ 29. Kh2 Kf8 30. b4 Ke7 31. Bb7 Bb5 32. a4 Bc4 33. Bc6 Kd6 34. Be8 Bc3 35. b5 axb5 36. axb5 Kc5 37. Ba3+ Kb6 38. Bd6 f6 39. Be7 Bxb5 40. Bd8+ Kc5 41. Be7+ Kb6 42. Bd8+ Ka6 43. Bf7 Bd3 44. g4 Kb5 45. Bg8 h6 46. Be7 Kc6 47. Bf8 Be5+ 48. Kg1 Bf4 49. Bg7 Bg5 50. h4 Bxh4 51. Bxh6 Kd7 52. Kg2 Ke7 53. Kh3 Be1 54. Be3 Bf1+ 55. Kh2 Kf8 56. Bd5 Kg7 57. g5 f5 58. Bd4+ Kh7 59. Bf6 Bd3 0-1


[Site "https://www.chess.com"]

[Event "Titled Tuesday Blitz January 31 Early 2023"]
[White "Priasmoro, Novendra"]
[Black "Rohith Krishna S"]
[WhiteFideId "7105029"]
[BlackFideId "46617051"]
[WhiteElo "2504"]
[BlackElo "2385"]
[Result "1-0"]
[Round "04"]
[TimeControl "180+2"]
[Date "2023.01.31"]
[WhiteClock "0:01:15"]
[BlackClock "0:00:26"]

1. e4 e5 2. Nf3 Nc6 3. Bb5 a6 4. Ba4 Nf6 5. O-O Be7 6. Re1 b5 7. Bb3 d6 8. c3 O-O 9. h3 Na5 10. Bc2 c5 11. d3 Qc7 12. Nbd2 Rd8 13. Nf1 Bf8 14. Ng3 g6 15. Bg5 Bg7 16. Qc1 Nc6 17. Bh6 Bh8 18. Qg5 d5 19. exd5 Nxd5 20. Ne4 f6 21. Qh4 Nce7 22. g4 c4 23. dxc4 bxc4 24. Rad1 Bb7 25. b3 Qc6 26. bxc4 Nxc3 27. Rxd8+ Rxd8 28. Nxe5 fxe5 29. Qxe7 Re8 30. Qb4 Nb5 31. Ba4 g5 32. cxb5 Qxh6 33. bxa6 Qxh3 34. Qb3+ Kf8 35. Qxh3 1-0


[Site "https://www.chess.com"]